wizbiz, chaotic female elven Wizard G |.. ..| .|......-- .........f--- .........)Y@.- ......G...o... .....^....&.. -.|....... ----.--- - wizbiz the Thaumaturge Experience level: 6 Strength: 11 Dexterity: 16 Constitution: 13 Intelligence: 17 Wisdom: 17 Charisma: 9 Health: 0(39) Energy: 52(78) Def: 2 Gold: 705 Moves: 3402 Dungeon seed: oB5XbO1HLUk-InKd Game ID: wizbiz_1532273088 Your Inventory: Coins $ - 705 gold pieces Weapons a - a blessed +2 quarterstaff (weapon in hands) f - a +0 dagger u - 17 +0 darts Armor e - an uncursed +1 cloak of magic resistance (being worn) i - an uncursed +0 pair of gauntlets of dexterity J - an uncursed +0 orcish helm W - an uncursed +0 dwarvish cloak Y - an uncursed +0 orcish helm Comestibles H - an uncursed fortune cookie K - an uncursed lembas wafer Scrolls v - a cursed scroll of enchant weapon L - 2 cursed scrolls of blank paper M - 2 uncursed scrolls of blank paper Q - a blessed scroll of create monster Spellbooks l - a blessed spellbook of force bolt m - an uncursed spellbook of haste self t - an uncursed spellbook of restore ability Potions g - a blessed potion of speed h - an uncursed potion of sickness o - a cursed potion of hallucination p - a blessed potion of extra healing z - an uncursed potion of object detection D - an uncursed potion of invisibility Rings c - an uncursed ring of polymorph control d - an uncursed +1 ring of increase accuracy (on left hand) Wands b - a wand of digging (0:7) q - a wand of digging (0:4) A - a wand of teleportation (0:7) B - a wand of create monster (0:15) U - a wand of locking (0:6) Tools n - an uncursed tooled horn x - an uncursed leash (in use) R - a +0 pick-axe T - an uncursed partly used tallow candle (lit) (0:135) X - 7 uncursed wax candles (0:400) Gems r - 2 uncursed worthless pieces of violet glass y - an uncursed worthless piece of yellow glass G - 2 uncursed worthless pieces of orange glass N - an uncursed worthless piece of yellowish brown glass O - 2 uncursed worthless pieces of white glass P - an uncursed worthless piece of black glass V - an uncursed obsidian stone Spells and supernatural/magical abilities: Name Level Category Fail Memory a - force bolt 1 attack 0% 83% H - haste self 3 escape 85% 83% W - pray for help -- divine ? -- Your skills at the end: Fighting Skills Weapon Skills quarterstaff [Basic] Spellcasting Skills attack spells [Basic] enchantment spells [Basic] Final Attributes: You were piously aligned. You were sleep resistant. You were poison resistant. You were magic-protected. You had infravision. You were held by an owlbear. You had a +1 bonus to hit. You are dead. Vanquished creatures: an iron piercer a dingo a fog cloud 2 gnome lords a gnomish wizard 2 black naga hatchlings a golden naga hatchling 2 elf zombies a paper golem 4 dwarves 2 hill orcs a giant bat 5 dwarf zombies a werejackal an iguana a coyote a gas spore 4 hobgoblins 3 giant rats 5 cave spiders 4 green molds a red mold 13 gnomes a gnome zombie 4 geckos 5 jackals a fox a kobold 2 goblins 9 grid bugs 3 bats 4 lichens 2 newts 90 creatures vanquished. Voluntary challenges: You were an atheist. You used a wielded weapon 47 times, starting on turn 200. You read items or engraved 6 times, starting on turn 1. You never genocided any monsters. You never polymorphed an object. You never changed form. You used no wishes. You never split a pudding. You never wrote Elbereth's name. You never violated your personal moral code. Dungeon overview: The Dungeons of Doom: levels 1 to 7 Level 1 a long staircase Level 2 some fountains Level 3 a sink Level 4 (vault) stairs to The Gnomish Mines Level 5 some fountains, a sink Level 6 many fountains Level 7 The Gnomish Mines: levels 5 to 8 Level 5 stairs to The Dungeons of Doom Level 6 Level 8 <- You were here History has recorded: On T:1 you entered the Dungeons of Doom to retrieve the Amulet of Yendor! On T:350 you reached level 2 of The Dungeons of Doom. On T:626 you advanced to experience level 2. On T:663 you reached level 3 of The Dungeons of Doom. On T:902 you reached level 4 of The Dungeons of Doom. On T:978 you advanced to experience level 3. On T:1445 you reached level 1 of The Gnomish Mines. On T:1639 you reached level 5 of The Dungeons of Doom. On T:1699 you advanced to experience level 4. On T:1968 you reached level 6 of The Dungeons of Doom. On T:2015 you reached level 7 of The Dungeons of Doom. On T:2062 you advanced to experience level 5. On T:2960 you reached level 2 of The Gnomish Mines. On T:2977 you advanced to experience level 6. On T:3380 you reached level 4 of The Gnomish Mines. Score breakdown: Gold: 705 ( 9690 points) Experience: 6 levels (12456 points) Exploration: 8 levels ( 16.33%) (11456 points) Discoveries: 5 items ( 1.81%) ( 4030 points) Valuables value: (no points given unless you survive) Artifact value: 0 ( 0 points) Variety of kills: 33 monsters ( 8.66%) ( 8829 points) Turncount: 3402 turns ( -785 points) Survival: died (score multiplied by 80%) Total score: 36540 Latest messages: The kitten misses the hill orc. (2x) The hill orc hits! The gnome deliberately jumps onto a polymorph trap! The kitten misses the hill orc. The kitten bites the owlbear. The owlbear misses the kitten. The owlbear hits the kitten. The gnome deliberately jumps onto a polymorph trap! The kitten bites the hill orc. The hill orc hits the kitten. The hill orc hits! The kitten bites the hill orc. You displace your kitten. The kitten misses the hill orc. The hill orc hits! The gnome throws a dagger! The dagger hits the hill orc. The kitten bites the hill orc. The hill orc hits the kitten. You write in the dust with your fingers. The owlbear hits! (2x) The owlbear grabs you! The hill orc hits! The owlbear hits! (2x) You die... Final status: Goodbye wizbiz the Wizard, killed by an owlbear... You died in The Gnomish Mines on dungeon level 8 with 36540 points, and 705 pieces of gold, after 3402 moves. You were level 6 with a maximum of 39 hit points when you died.